 Dungeon Crawl Stone Soup version 0.23.2-40-g277498a001 (webtiles) character file.

Game seed: 8496087907042296803

49 Exodus22XD the Sneak (level 3, -2/14 HPs)
             Began as a Felid Enchanter on Aug 27, 2019.
             Slain by a quokka (5 damage)
             ... on level 3 of the Dungeon.
             The game lasted 00:08:17 (2475 turns).

Exodus22XD the Sneak (Felid Enchanter)              Turns: 2475, Time: 00:08:18

Health: -2/14      AC:  1    Str:  4    XL:     3   Next: 53%
Magic:  6/7        EV: 18    Int: 16    God:
Gold:   205        SH:  0    Dex: 17    Spells: 3/6 levels left
                                        Lives:  0   Deaths: 1

rFire    . . .     SeeInvis +     - Unarmed
rCold    . . .     Gourm    .   (shield unavailable)
rNeg     . . .     Faith    .   (armour unavailable)
rPois    .         Spirit   .   (helmet unavailable)
rElec    .         Reflect  .   (cloak unavailable)
rCorr    .         Harm     .   (gloves unavailable)
MR       .....                  (boots unavailable)
Stlth    ++++......             e - amulet of the acrobat
HPRegen  0.04/turn              (no ring)
MPRegen  0.10/turn              (no ring)

@: quick
A: very small, no armour, no weapons or thrown items, stealth, claws 1, fangs 3,
see invisible, carnivore, speed 1, shaggy fur 1, slow metabolism 1, sharp paws
a: no special abilities


You were on level 3 of the Dungeon.
You were completely stuffed.

You visited 1 branch of the dungeon, and saw 3 of its levels.

You collected 205 gold pieces.

Inventory:

Jewellery
 e - an amulet of the acrobat (around neck)
Wands
 k - a wand of acid (5)
Scrolls
 a - 2 scrolls of noise {unknown}
 c - 5 scrolls of teleportation {unknown}
 h - a scroll of immolation {unknown}
 i - 3 scrolls of remove curse {unknown}
 j - 5 scrolls of identify {unknown}
Potions
 d - a potion of agility {unknown}
 f - a potion of curing {unknown}
 g - 3 potions of degeneration {unknown}
Comestibles
 b - 6 rations


   Skills:
 - Level 2.6 Dodging
 * Level 7.5 Stealth
 - Level 1.0 Unarmed Combat
 - Level 2.0 Spellcasting
 - Level 4.4 Hexes


You had 3 spell levels left.
You knew the following spells:

 Your Spells              Type           Power        Failure   Level  Hunger
a - Corona                Hex            ###....      3%          1    #......
b - Ensorcelled Hibernat  Hex/Ice        #.....       13%         2    ###....

Your spell library contained the following spells:

 Spells                   Type           Power        Failure   Level  Hunger
 Confuse                  Hex            ###.....     11%         3    ###....
 Tukima's Dance           Hex            ###.....     11%         3    ###....
 Dazzling Spray           Conj/Hex       #.....       26%         3    ###....


Dungeon Overview and Level Annotations

Branches:
Dungeon (3/15)

Altars:
Nemelex Xobeh
The Shining One


Innate Abilities, Weirdness & Mutations

You cannot wear armour.
You are incapable of wielding weapons or throwing items.
Your paws allow you to move quietly. (Stealth)
You have sharp claws.
You have razor-sharp teeth.
You have supernaturally acute eyesight. (SInv)
You are carnivorous and can eat meat at any time.
You cover ground quickly.
You are covered in fur. (AC +1)
You have a slow metabolism.
Your sharp claws are effective at attacking unaware monsters.


Message History

There is an open door here.
Found a stone staircase leading up.
Casting: Corona (safe; 3% risk of failure)
Confirm with . or Enter, or press ? or * to list all spells.
Aiming: Corona (safe; 3% risk of failure)
Press: ? - help, Shift-Dir - straight line, f - quokka
Aim: a quokka (chance to defeat MR: 69%)
The quokka is outlined in light.
You scratch the quokka.
The quokka is heavily wounded.
The quokka bites you.
* * * LOW HITPOINT WARNING * * *
The quokka barely misses you.
You barely miss the quokka.
The quokka is heavily wounded.
The quokka misses you.
You scratch the quokka.
The quokka is almost dead.
The quokka bites you.
You die...

##...#.#######.
##.####'###..#...
.....'.........
.................
##...#.#######.
##.####.####.#...
.....#.# #. ..#.....#
#..... .....#.# #.
###.##### ##....
####.#.#######.#####.#
#....
......)...........##.#
#.###
####.#.########...'..#
#. #.#.# #...r@.####
####.#.#
#.#..........<
.....#.#
#............. ..
..#.# #.....#.........
.#...#.#
#.#.#.#.##'##...
.#.###.# # #.#.#.# .#
#' .# #.#.#.# .. ##
#.#.#.# ### # #.#.#


You could see a quokka.

Vanquished Creatures
  2 gnolls (D:3)
  2 adders
  An ooze (D:2)
  2 worms (D:2)
  3 orcs (D:3)
  A ball python (D:2)
  3 giant cockroaches
  8 goblins
  6 hobgoblins
  4 jackals (D:3)
  2 kobolds
  A quokka (D:2)
  5 bats
  3 frilled lizards
  3 rats
46 creatures vanquished.

Notes
Turn   | Place    | Note
-------+----------+-------------------------------------------
     0 | D:1      | Exodus22XD the Felid Enchanter began the quest for the Orb.
     0 | D:1      | Reached XP level 1. HP: 7/7 MP: 4/4
   373 | D:1      | Reached skill level 5 in Stealth
   373 | D:1      | Reached XP level 2. HP: 11/11 MP: 6/6
   382 | D:1      | Learned a level 2 spell: Ensorcelled Hibernation
  1042 | D:2      | Reached skill level 6 in Stealth
  1042 | D:2      | Reached XP level 3. HP: 14/14 MP: 7/7
  1355 | D:2      | Found a sparkling altar of Nemelex Xobeh.
  1637 | D:2      | Found a glowing golden altar of the Shining One.
  1756 | D:3      | Reached XP level 4. HP: 15/18 MP: 5/8
  1773 | D:3      | Reached skill level 7 in Stealth
  2249 | D:3      | Killed from afar by an orc wizard
  2250 | D:3      | Reached XP level 3. HP: 0/14 MP: 6/7
  2475 | D:3      | Slain by a quokka

Skill      XL: |  1  2  3  4 |
---------------+-------------+-----
Stealth        | 5 6 7 |  7.5
Dodging        | |  2.6
Unarmed Combat | |  1.0
Spellcasting   | |  2.0
Hexes          | |  4.4

Action                   |  1- 3 |  4- 6 || total
-------------------------+-------+-------++-------
Melee: Unarmed           |    88 |    47 ||   135
       Bite              |     4 |     1 ||     5
       Punch             |     1 |       ||     1
 Cast: Corona            |    31 |    13 ||    44
       Ensorcelled Hiber |     1 |     1 ||     2
 Stab: Sleeping          |    16 |     1 ||    17
       Distracted        |       |     1 ||     1
  Eat: Chunk             |    15 |     1 ||    16
Armor: Skin              |     6 |     1 ||     7
Dodge: Dodged            |    82 |    35 ||   117
